 Dungeon Crawl Stone Soup version 0.25.1-2-g60ff931df9 (webtiles) character file.

Game seed: 9084666832875744385

18 Snicker the Chiller (level 2, -3/19 HPs)
             Began as a Merfolk Ice Elementalist on Oct 8, 2020.
             Slain by a hound (5 damage)
             ... on level 2 of the Dungeon.
             The game lasted 00:01:56 (1019 turns).

Snicker the Chiller (Merfolk Ice Elementalist)      Turns: 1019, Time: 00:01:57

Health: -3/19      AC:  2    Str:  8    XL:     2   Next: 70%
Magic:  0/5        EV: 13    Int: 14    God:
Gold:   39         SH:  0    Dex: 14    Spells: 4/5 levels left

rFire    . . .     SeeInvis .   a - +0 dagger
rCold    . . .     Gourm    .   (no shield)
rNeg     . . .     Faith    .   g - +0 robe
rPois    .         Spirit   .   (no helmet)
rElec    .         Reflect  .   (no cloak)
rCorr    .         Harm     .   (no gloves)
MR       .....                  (no boots)
Stlth    ++........             (no amulet)
HPRegen  0.06/turn              (no ring)
MPRegen  0.09/turn              (no ring)

@: very slightly contaminated
A: change form in water, swift swim, stealthy swim
a: no special abilities


You were on level 2 of the Dungeon.
You were hungry.

You visited 1 branch of the dungeon, and saw 2 of its levels.

You collected 39 gold pieces.

Inventory:

Hand Weapons
 a - a +0 dagger (weapon)
Armour
 g - a +0 robe (worn)
Scrolls
 b - a scroll of fog {unknown}
 d - a scroll of identify {unknown}
 f - a scroll of immolation {unknown}
 h - 2 scrolls of remove curse {unknown}
 i - a scroll of enchant armour {unknown}
 j - a scroll of amnesia {unknown}
 l - a scroll of noise {unknown}
Potions
 e - a potion of lignification {unknown}
 k - a potion of curing {unknown}
 m - a potion of might {unknown}
 n - a potion of flight {unknown}
Comestibles
 c - a ration


   Skills:
 + Level 3.1 Dodging
 + Level 2.2 Stealth
 * Level 2.1 Spellcasting
 * Level 4.9 Ice Magic


You had 4 spell levels left.
You knew the following spells:

 Your Spells              Type           Power        Failure   Level  Hunger
a - Freeze                Ice            ###.         3%          1    #......

Your spell library contained the following spells:

 Spells                   Type           Power        Failure   Level  Hunger
 Frozen Ramparts          Ice            ###...       10%         3    ###....
 Ozocubu's Armour         Chrm/Ice       #.......     26%         3    ###....
 Hailstorm                Conj/Ice       #.......     63%         4    #####..
 Summon Ice Beast         Ice/Summ       #.......     63%         4    #####..


Dungeon Overview and Level Annotations

Branches:
Dungeon (2/15)

Altars:


Message History

Press: ? - help, Shift-Dir - straight line, f/p - hound
Aim: a hound (severely wounded)
You miscast Freeze.
You are very lightly contaminated with residual magic.
Nothing appears to happen.
The hound barely misses you.
Unknown command.
You miss the hound.
The hound is severely wounded.
The hound bites you. x2
* * * LOW HITPOINT WARNING * * *
The hound closely misses you.
Casting: Freeze (safe; 3% risk of failure)
Confirm with . or Enter, or press ? or * to list all spells.
Aiming: Freeze (safe; 3% risk of failure)
Press: ? - help, Shift-Dir - straight line, f/p - hound
Aim: a hound (severely wounded)
You freeze the hound.
The hound is almost dead.
The hound bites you.
You die...

####........#
##...........#
######.............
####..................
#.....................
#....................#
..#....................#
..............##...##+##
.......@h.....##...#
.......####........#
#.....# #.........#
#..... ..........#
...... ............
...... .....##.......
..... ..# ... .... ..#
..


You could see a hound.

Vanquished Creatures
  A worm (D:2)
  4 goblins
  2 jackals (D:1)
  A ball python (D:1)
  2 bats (D:1)
  4 kobolds
  A rat (D:1)
15 creatures vanquished.

Notes
Turn   | Place    | Note
-------+----------+-------------------------------------------
     0 | D:1      | Snicker the Merfolk Ice Elementalist began the quest for
                  | the Orb.
     0 | D:1      | Reached XP level 1. HP: 13/13 MP: 3/3
   425 | D:1      | Reached XP level 2. HP: 19/19 MP: 0/5
  1019 | D:2      | Slain by a hound

Illustrated notes

Levels and vault maps discovered:
D:1:      dpeg_arrival_boxorama, layout_loops_corners, minmay_misc_feat_encased,
          st_stairs_11
D:2:      layout_basic

Skill      XL: |  1  2 |
---------------+-------+-----
Dodging        | 3 |  3.1
Stealth        | |  2.2
Spellcasting   | |  2.1
Ice Magic      | |  4.9

Action                   || total
-------------------------++-------
Melee: Unarmed           ||     4
       Dagger            ||     5
 Cast: Freeze            ||    24
 Stab: Sleeping          ||     2
Armor: Robe              ||     4
Dodge: Dodged            ||    29
